 Dungeon Crawl Stone Soup version 0.20-a0-317-gc038824 (webtiles) character file.

72 Disciple the Shooter (level 4, 0/54 HPs)
             Began as a Centaur Hunter on Dec 20, 2016.
             Slain by a goblin (1 damage)
             ... led by Robin
             ... on level 2 of the Dungeon.
             The game lasted 00:03:24 (2676 turns).

Disciple the Shooter (Centaur Hunter)               Turns: 2676, Time: 00:03:25

Health: 0/54       AC: 22    Str: 15    XL:     4   Next: 7%
Magic:  4/4        EV:  1    Int: 10    God:
Gold:   68         SH:  0    Dex: 10    Spells: 3/3 levels left

rFire  . . .     SeeInvis .     b - +0 short sword
rCold  . . .     Gourm    .     (armour currently unavailable)
rNeg   + + +     Faith    .     (no shield)
rPois  +         Spirit   .     (helmet currently unavailable)
rElec  .         Reflect  .     (cloak currently unavailable)
rCorr  .         Harm     .     (gloves currently unavailable)
MR     .....     NoTele   +     (no barding)
Stlth  ++........               (no amulet)
                                (no ring)
                                u - ring of stealth

@: tree-form
A: (hooves 0), (deformed body), (speed 0), (tough skin 0)
a: no special abilities


You were on level 2 of the Dungeon.
You were not hungry.
You were a tree.
You visited 1 branch of the dungeon, and saw 2 of its levels.

You collected 68 gold pieces.

Inventory:

Hand Weapons
 a - a +1 shortbow
 b - a +0 short sword (weapon)
Missiles
 d - 20 arrows (quivered)
Armour
 j - a +0 cloak (melded)
 l - a +0 helmet (melded)
 v - a +0 chain mail (melded)
Jewellery
 u - a ring of stealth (left branch)
Scrolls
 e - a scroll of noise {unknown}
 i - 2 scrolls of blinking {unknown}
 k - a scroll of enchant weapon {unknown}
 q - a scroll of identify {unknown}
 r - a scroll of fear {unknown}
 s - a scroll of magic mapping {unknown}
Potions
 g - a potion of degeneration {unknown}
 n - a potion of might {unknown}
Comestibles
 c - a chunk of flesh
 f - a bread ration
 o - 2 meat rations


   Skills:
 - Level 2.0 Fighting
 + Level 7.5 Bows
 - Level 1.3 Dodging
 - Level 0.4 Stealth


You had 3 spell levels left.
You didn't know any spells.

Dungeon Overview and Level Annotations

Branches:
Dungeon (2/15)

Altars:

Annotations:
D:2 Robin


Innate Abilities, Weirdness & Mutations

((You have hooves in place of feet.))
((Armour fits poorly on your strangely shaped body.))
((You cover ground very quickly.))
((You have extremely tough skin. (AC +3)))


Message History

The goblin hits you.
* * * LOW HITPOINT WARNING * * *
The goblin hits you but does no damage.
Robin roars a battlecry!
The goblin goes into a battle-frenzy!
The goblin hits you but does no damage. x5
You closely miss the goblin.
The goblin hits you but does no damage. x8
You hit the goblin.
You kill the goblin!
The goblin no longer looks unusually strong.
The goblin hits you but does no damage. x6; The goblin hits you with a dagger.
* * * LOW HITPOINT WARNING * * *
You hit Robin but do no damage. The goblin completely misses you.
The goblin hits you but does no damage. x5; The goblin completely misses you.
You closely miss Robin.
The goblin no longer looks unusually strong. x2
The goblin hits you but does no damage. The goblin hits you.
* * * LOW HITPOINT WARNING * * *
The goblin hits you.
You die...

..........[............
#......................
..[....................
.#####...#.......##### #
#...#....)...(... #.###
#...#............
#+#....##...#............
......ggg...#............
......g♣g................
......ggg......##########
.....##........# ....
#........# ... #........#
.. #........# .
#........# ######
#........# #.....
#........# #.....


You could see Robin and 7 goblins.

Vanquished Creatures
  2 adders (D:2)
  An ooze (D:1)
  A worm (D:2)
  2 dart slugs (D:1)
  A leopard gecko (D:1)
  5 bats
  2 giant cockroaches
  7 goblins
  7 hobgoblins
  A jackal (D:1)
  7 kobolds
  A frilled lizard (D:1)
  3 rats (D:1)
40 creatures vanquished.

Notes
Turn   | Place    | Note
-------+----------+-------------------------------------------
     0 | D:1      | Disciple the Centaur Hunter began the quest for the Orb.
     0 | D:1      | Reached XP level 1. HP: 17/17 MP: 1/1
   243 | D:1      | Reached XP level 2. HP: 11/24 MP: 2/2
   254 | D:1      | Reached skill level 6 in Bows
  1354 | D:1      | Reached XP level 3. HP: 28/29 MP: 3/3
  1913 | D:2      | Reached skill level 7 in Bows
  2549 | D:2      | Reached XP level 4. HP: 35/36 MP: 4/4
  2657 | D:2      | Noticed Robin
  2676 | D:2      | HP: 1/54 [goblin[Robin] (2)]
  2676 | D:2      | Slain by a goblin

Vault maps used:
D:1:      minmay_arrival_three_doors
D:2:      uniq_robin

Skill      XL: |  1  2  3 |
---------------+----------+-----
Bows           | 6 7 |  7.5
Fighting       | |  2.0
Dodging        | |  1.3
Stealth        | |  0.4

Action                   |  1- 3 |  4- 6 || total
-------------------------+-------+-------++-------
Melee: Short sword       |   154 |    15 ||   169
       Kick              |    26 |     3 ||    29
  Use: Potion            |       |     3 ||     3
  Eat: Chunk             |     5 |       ||     5
Armor: Leather armour    |    73 |       ||    73
       Chain mail        |    13 |    33 ||    46
       Skin              |       |    43 ||    43
Dodge: Dodged            |    71 |    18 ||    89
